MID
WEST MICHIGAN WHITECAPS @ BOWLING GREEN HOT RODS
05/18/2044
 
TOP OF THE 1ST
West Michigan Whitecaps batting - Pitching for Bowling Green Hot Rods : RHP Colin Lancey Jr.
Pitching: RHP Colin Lancey Jr.
Batting: LHB Jeff Trapp 0-0: Ball
1-0: Foul Ball, location: 2F
1-1: Called Strike
1-2: Ball
2-2: Strikes out swinging
Batting: RHB Jon Pierce 0-0: Ball
1-0: Foul Ball, location: 2F
1-1: Swinging Strike
1-2: Ball
2-2: Foul Ball, location: 2F
2-2: Foul Ball, location: 2F
2-2: Ball
3-2: Strikes out swinging
Batting: SHB Andy Vivas 0-0: Ball
1-0: SINGLE (Line Drive, 4MD, EV 103.1 MPH)
Batting: RHB Bill Cabrera 0-0: Ball
1-0: Ball
2-0: Called Strike
2-1: Foul Ball, location: 2F
2-2: Strikes out looking
Top of the 1st over - 0 runs, 1 hit, 0 errors, 1 left on base; West Michigan 0 - Bowling Green 0
BOTTOM OF THE 1ST
Bowling Green Hot Rods batting - Pitching for West Michigan Whitecaps : RHP Jared Barger
Pitching: RHP Jared Barger
Batting: RHB Jonathan Fraire 0-0: Ball
1-0: Called Strike
1-1: Ball
2-1: Ground out 6-3 (Groundball, 6, EV 78.1 MPH)
Batting: LHB Jake Rheaume 0-0: Ball
1-0: Ball
2-0: Ball
3-0: Base on Balls
Batting: RHB Adam Kaeser 0-0: Ball
1-0: Called Strike
1-1: Ball
2-1: Swinging Strike
2-2: Ball
3-2: SINGLE (Line Drive, 56D, EV 102.5 MPH)
Jake Rheaume to second
Batting: LHB Mario Ocana 0-0: Foul Ball, location: 2F
0-1: Foul Ball, location: 2F
0-2: Foul Ball, location: 2F
0-2: Strikes out looking
Batting: RHB David Ward 0-0: Ball
1-0: Ball
2-0: Fielders Choice at 2nd, 6-4 (Groundball, 6, EV 85.0 MPH)
Bottom of the 1st over - 0 runs, 1 hit, 0 errors, 2 left on base; West Michigan 0 - Bowling Green 0
TOP OF THE 2ND
West Michigan Whitecaps batting - Pitching for Bowling Green Hot Rods : RHP Colin Lancey Jr.
Batting: RHB Dan Becvar 0-0: Foul Ball, location: 2F
0-1: Swinging Strike
0-2: Strikes out swinging
Batting: LHB Gabe Mendez 0-0: Called Strike
0-1: Ball
1-1: Ground out U3 (Groundball, 3L, EV 81.2 MPH)
Batting: RHB Sergio Valbuena 0-0: Ball
1-0: Foul Ball, location: 2F
1-1: Foul Ball, location: 2F
1-2: Strikes out swinging
Top of the 2nd over - 0 runs, 0 hits, 0 errors, 0 left on base; West Michigan 0 - Bowling Green 0
BOTTOM OF THE 2ND
Bowling Green Hot Rods batting - Pitching for West Michigan Whitecaps : RHP Jared Barger
Batting: SHB Julio Hernandez 0-0: Ball
1-0: Called Strike
1-1: Ground out 1-3 (Groundball, 23, EV 73.1 MPH)
Batting: RHB Paul Landes 0-0: Swinging Strike
0-1: Ball
1-1: Ball
2-1: Foul Ball, location: 2F
2-2: Ball
3-2: SINGLE (Groundball, 34D, EV 110.0 MPH)
Batting: RHB Steve Byerly 0-0: Called Strike
0-1: Foul Ball, location: 2F
0-2: Ball
1-2: Ball
2-2: Fielders Choice at 2nd, 4-6 (Groundball, 34, EV 98.8 MPH)
Batting: RHB Kevin Benfield 0-0: Called Strike
0-1: Ball
1-1: Foul Ball, location: 2F
1-2: Ball
2-2: Foul Ball, location: 2F
2-2: Foul Ball, location: 2F
2-2: Foul Ball, location: 2F
2-2: Foul Ball, location: 2F
2-2: SINGLE (Groundball, 56D, EV 106.9 MPH)
Steve Byerly to second
Batting: RHB Jonathan Fraire 0-0: Called Strike
0-1: SINGLE (Groundball, 25, EV 62.5 MPH) (infield hit)
Steve Byerly to third
Kevin Benfield to second
Batting: LHB Jake Rheaume 0-0: Foul Ball, location: 2F
0-1: Foul Ball, location: 2F
0-2: DOUBLE (Line Drive, 78XD, EV 98.1 MPH)
Steve Byerly scores
Kevin Benfield scores
Jonathan Fraire to third
Runner from 3rd tries for Home, SAFE, no throw by CF
Batting: RHB Adam Kaeser 0-0: Ball
1-0: Called Strike
1-1: Foul Ball, location: 2F
1-2: Strikes out swinging
Bottom of the 2nd over - 3 runs, 4 hits, 0 errors, 1 left on base; West Michigan 0 - Bowling Green 3
TOP OF THE 3RD
West Michigan Whitecaps batting - Pitching for Bowling Green Hot Rods : RHP Colin Lancey Jr.
Batting: RHB Rocky Hart 0-0: Ball
1-0: Ball
2-0: Foul Ball, location: 2F
2-1: Swinging Strike
2-2: Foul Ball, location: 2F
2-2: Foul Ball, location: 2F
2-2: Strikes out looking
Batting: RHB Travis Newton 0-0: Called Strike
0-1: Ball
1-1: DOUBLE (Line Drive, 8LXD, EV 110.0 MPH)
Batting: LHB Jeff Trapp 0-0: Ball
1-0: Ground out 4-3 (Groundball, 4M, EV 88.1 MPH)
Travis Newton to third
Batting: RHB Jon Pierce 0-0: Ball
1-0: DOUBLE (Line Drive, 7LD, EV 104.4 MPH)
Travis Newton scores
Batting: SHB Andy Vivas 0-0: Called Strike
0-1: Swinging Strike
0-2: Foul Ball, location: 2F
0-2: Strikes out swinging
Top of the 3rd over - 1 run, 2 hits, 0 errors, 1 left on base; West Michigan 1 - Bowling Green 3
BOTTOM OF THE 3RD
Bowling Green Hot Rods batting - Pitching for West Michigan Whitecaps : RHP Jared Barger
Batting: LHB Mario Ocana 0-0: Called Strike
0-1: Ball
1-1: Called Strike
1-2: Foul Ball, location: 2F
1-2: Foul Ball, location: 2F
1-2: Foul Ball, location: 2F
1-2: Fly out, F8 (Flyball, 8RM, EV 89.4 MPH)
Batting: RHB David Ward 0-0: Called Strike
0-1: Foul Ball, location: 2F
0-2: Ball
1-2: Foul Ball, location: 2F
1-2: Ground out 1-3 (Groundball, P, EV 68.1 MPH)
Batting: SHB Julio Hernandez 0-0: SINGLE (Groundball, 6MD, EV 103.8 MPH) (infield hit)
Batting: RHB Paul Landes 0-0: Ball
1-0: Ball
2-0: Called Strike
2-1: Swinging Strike
2-2: Ball
3-2: DOUBLE (Line Drive, 9LS, EV 103.1 MPH)
Julio Hernandez to third
Julio Hernandez scores
Batting: RHB Steve Byerly 0-0: Foul Ball, location: 2F
0-1: Ball
1-1: Ball
Wild Pitch!
Paul Landes to third
2-1: Ball
3-1: Called Strike
3-2: Foul Ball, location: 2F
3-2: Base on Balls
Batting: RHB Kevin Benfield 0-0: Ball
1-0: Foul Ball, location: 2F
1-1: Foul Ball, location: 2F
1-2: Ball
2-2: Foul Ball, location: 2F
2-2: Ball
3-2: Strikes out looking
Bottom of the 3rd over - 1 run, 2 hits, 0 errors, 2 left on base; West Michigan 1 - Bowling Green 4
TOP OF THE 4TH
West Michigan Whitecaps batting - Pitching for Bowling Green Hot Rods : RHP Colin Lancey Jr.
Batting: RHB Bill Cabrera 0-0: DOUBLE (Line Drive, 9LM, EV 110.0 MPH)
Batting: RHB Dan Becvar 0-0: Ball
1-0: Called Strike
1-1: Foul Ball, location: 2F
1-2: Ball
2-2: Ground out 5-3 (Groundball, 56, EV 92.5 MPH)
Batting: LHB Gabe Mendez 0-0: Foul Ball, location: 2F
0-1: Ball
1-1: Ground out U3 (Groundball, 3, EV 86.2 MPH)
Bill Cabrera to third
Batting: RHB Sergio Valbuena 0-0: Called Strike
0-1: Swinging Strike
0-2: SINGLE (Groundball, 5D, EV 98.1 MPH)
Bill Cabrera scores
Batting: RHB Rocky Hart 0-0: Ball
1-0: Foul Ball, location: 2F
1-1: Ball
2-1: Ball
3-1: Foul Ball, location: 2F
3-2: Base on Balls
Sergio Valbuena to second
Batting: RHB Travis Newton 0-0: Called Strike
0-1: SINGLE (Groundball, 56D, EV 95.0 MPH)
Sergio Valbuena to third
Rocky Hart to second
Runner from 3rd tries for Home, SAFE, throw by LF to home
Batting: LHB Jeff Trapp 0-0: Ball
1-0: Called Strike
1-1: Foul Ball, location: 2F
1-2: Ball
2-2: DOUBLE (Line Drive, 89D, EV 102.5 MPH)
Rocky Hart scores
Travis Newton to third
Runner from 3rd tries for Home, SAFE, no throw by CF
Pitching: RHP Jeremy Price
Batting: RHB Jon Pierce 0-0: Ball
1-0: Foul Ball, location: 2F
1-1: Ball
2-1: Foul Ball, location: 2F
2-2: Strikes out looking
Top of the 4th over - 4 runs, 4 hits, 0 errors, 1 left on base; West Michigan 5 - Bowling Green 4
BOTTOM OF THE 4TH
Bowling Green Hot Rods batting - Pitching for West Michigan Whitecaps : RHP Jared Barger
Batting: RHB Jonathan Fraire 0-0: Ball
1-0: Ground out 5-3 (Groundball, 56, EV 88.8 MPH)
Batting: LHB Jake Rheaume 0-0: Ground out 4-3 (Groundball, 4S, EV 85.6 MPH)
Batting: RHB Adam Kaeser 0-0: Called Strike
0-1: Fly out, F6 (Popup, 6M, EV 60.6 MPH)
Bottom of the 4th over - 0 runs, 0 hits, 0 errors, 0 left on base; West Michigan 5 - Bowling Green 4
TOP OF THE 5TH
West Michigan Whitecaps batting - Pitching for Bowling Green Hot Rods : RHP Jeremy Price
Batting: SHB Andy Vivas 0-0: Fly out, F9 (Flyball, 9LM, EV 83.1 MPH)
Batting: RHB Bill Cabrera 0-0: Fly out, F4 (Popup, 4S, EV 63.8 MPH)
Batting: RHB Dan Becvar 0-0: SINGLE (Groundball, 56, EV 102.5 MPH) (infield hit)
Batting: LHB Gabe Mendez 0-0: Ball
1-0: Called Strike
1-1: Ball
2-1: Ground out 5-3 (Groundball, 6S, EV 79.4 MPH)
Top of the 5th over - 0 runs, 1 hit, 0 errors, 1 left on base; West Michigan 5 - Bowling Green 4
BOTTOM OF THE 5TH
Bowling Green Hot Rods batting - Pitching for West Michigan Whitecaps : RHP Jared Barger
Batting: LHB Mario Ocana 0-0: Ground out 4-3 (Groundball, 4, EV 83.8 MPH)
Batting: RHB David Ward 0-0: Ball
1-0: Ball
2-0: Called Strike
2-1: Fly out, F8 (Flyball, 8RD, EV 97.5 MPH)
Batting: SHB Julio Hernandez 0-0: Fly out, F8 (Flyball, 8LD, EV 103.8 MPH)
Bottom of the 5th over - 0 runs, 0 hits, 0 errors, 0 left on base; West Michigan 5 - Bowling Green 4
TOP OF THE 6TH
West Michigan Whitecaps batting - Pitching for Bowling Green Hot Rods : RHP Jeremy Price
Batting: RHB Sergio Valbuena 0-0: Ball
1-0: Foul Ball, location: 2F
1-1: SINGLE (Groundball, 6MD, EV 97.5 MPH)
Batting: RHB Rocky Hart 0-0: Called Strike
0-1: Foul Ball, location: 2F
0-2: Ball
1-2: Ball
2-2: Strikes out swinging
Batting: RHB Travis Newton 0-0: Called Strike
0-1: Foul Ball, location: 2F
0-2: Strikes out swinging
Batting: LHB Jeff Trapp 0-0: SINGLE (Line Drive, 6M, EV 101.2 MPH)
Sergio Valbuena to second
Batting: RHB Jon Pierce 0-0: Ball
1-0: Called Strike
1-1: Swinging Strike
1-2: Strikes out swinging
Top of the 6th over - 0 runs, 2 hits, 0 errors, 2 left on base; West Michigan 5 - Bowling Green 4
BOTTOM OF THE 6TH
Bowling Green Hot Rods batting - Pitching for West Michigan Whitecaps : RHP Jared Barger
Pitching: RHP Dave Frazier
Batting: RHB Paul Landes 0-0: Ball
1-0: Called Strike
1-1: Fly out, F9 (Flyball, 9LD, EV 103.1 MPH)
Batting: RHB Steve Byerly 0-0: Ball
1-0: Called Strike
1-1: Called Strike
1-2: DOUBLE (Groundball, 5L, EV 106.2 MPH)
Batting: RHB Kevin Benfield 0-0: Ground out U3 (Groundball, 3S, EV 68.8 MPH)
Steve Byerly to third
Batting: RHB Jonathan Fraire 0-0: Called Strike
0-1: Ground out 6-3 (Groundball, 6M, EV 102.5 MPH)
Bottom of the 6th over - 0 runs, 1 hit, 0 errors, 1 left on base; West Michigan 5 - Bowling Green 4
TOP OF THE 7TH
West Michigan Whitecaps batting - Pitching for Bowling Green Hot Rods : RHP Jeremy Price
Pitching: LHP Chris Polite
Batting: SHB Andy Vivas 0-0: Ball
1-0: Ball
2-0: Swinging Strike
2-1: Foul Ball, location: 2F
2-2: Strikes out swinging
Batting: RHB Bill Cabrera 0-0: Called Strike
0-1: DOUBLE (Flyball, 8LXD, EV 91.9 MPH)
Batting: RHB Dan Becvar 0-0: Ball
1-0: Ball
2-0: Ball
3-0: Called Strike
3-1: Base on Balls
Batting: LHB Gabe Mendez 0-0: SINGLE (Line Drive, 78S, EV 103.8 MPH)
Bill Cabrera to third
Dan Becvar to second
Batting: RHB Sergio Valbuena 0-0: Ball
1-0: Ball
2-0: Called Strike
2-1: Ball
3-1: GRAND SLAM HOME RUN (Flyball, 78XD, EV 103.1 MPH), Distance : 413 ft
Pitching: RHP Alec Bassett
Batting: RHB Rocky Hart 0-0: Called Strike
0-1: Called Strike
0-2: Ball
1-2: Strikes out swinging
Batting: RHB Travis Newton 0-0: Foul Ball, location: 2F
0-1: Ball
1-1: Ball
2-1: Foul Ball, location: 2F
2-2: Ball
3-2: Strikes out swinging
Top of the 7th over - 4 runs, 3 hits, 0 errors, 0 left on base; West Michigan 9 - Bowling Green 4
BOTTOM OF THE 7TH
Bowling Green Hot Rods batting - Pitching for West Michigan Whitecaps : RHP Dave Frazier
Batting: LHB Jake Rheaume 0-0: Called Strike
0-1: Ball
1-1: Foul Ball, location: 2F
1-2: Ball
2-2: Foul Ball, location: 2F
2-2: Strikes out swinging
Batting: RHB Adam Kaeser 0-0: Ball
1-0: Ball
2-0: Ball
3-0: Foul Ball, location: 2F
3-1: Base on Balls
Batting: LHB Mario Ocana 0-0: Swinging Strike
0-1: Ball
1-1: Ball
2-1: Ball
3-1: Foul Ball, location: 2F
3-2: Fielders Choice at 2nd, 3-6 (Groundball, 3, EV 81.2 MPH)
Batting: RHB David Ward 0-0: Foul Ball, location: 2F
0-1: Fielders Choice at 2nd, 6-4 (Groundball, 6, EV 102.5 MPH)
Bottom of the 7th over - 0 runs, 0 hits, 0 errors, 1 left on base; West Michigan 9 - Bowling Green 4
TOP OF THE 8TH
West Michigan Whitecaps batting - Pitching for Bowling Green Hot Rods : RHP Alec Bassett
Batting: LHB Jeff Trapp 0-0: Called Strike
0-1: Ball
1-1: Swinging Strike
1-2: Ball
2-2: Strikes out looking
Batting: RHB Jon Pierce 0-0: Foul Ball, location: 2F
0-1: Ball
1-1: Foul Ball, location: 2F
1-2: Ball
2-2: Strikes out looking
Batting: SHB Andy Vivas 0-0: Foul Ball, location: 2F
0-1: SINGLE (Groundball, 4MD, EV 102.5 MPH)
Batting: RHB Bill Cabrera 0-0: Called Strike
0-1: Called Strike
0-2: Ball
1-2: Foul Ball, location: 2F
1-2: Ball
2-2: Ball
3-2: Ground out 5-3 (Groundball, 5, EV 91.9 MPH)
Top of the 8th over - 0 runs, 1 hit, 0 errors, 1 left on base; West Michigan 9 - Bowling Green 4
BOTTOM OF THE 8TH
Bowling Green Hot Rods batting - Pitching for West Michigan Whitecaps : RHP Dave Frazier
Batting: SHB Julio Hernandez 0-0: Fly out, F1 (Line Drive, P, EV 66.2 MPH)
Pitching: RHP Nate Mull
Batting: RHB Paul Landes 0-0: Swinging Strike
0-1: Ball
1-1: Called Strike
1-2: Strikes out swinging
Batting: RHB Steve Byerly 0-0: Foul Ball, location: 2F
0-1: DOUBLE (Line Drive, 8RXD, EV 110.6 MPH)
Batting: RHB Kevin Benfield 0-0: Ball
1-0: Ball
2-0: Ball
3-0: Called Strike
3-1: Foul Ball, location: 2F
3-2: Foul Ball, location: 2F
3-2: Base on Balls
Batting: RHB Jonathan Fraire 0-0: Ball
1-0: Ground out U3 (Groundball, 3, EV 88.8 MPH)
Bottom of the 8th over - 0 runs, 1 hit, 0 errors, 2 left on base; West Michigan 9 - Bowling Green 4
TOP OF THE 9TH
West Michigan Whitecaps batting - Pitching for Bowling Green Hot Rods : RHP Alec Bassett
Pitching: RHP Al Speer
Batting: RHB Dan Becvar 0-0: SINGLE (Groundball, 6MD, EV 108.1 MPH)
Batting: LHB Gabe Mendez 0-0: Ball
Dan Becvar is caught stealing 2nd base 2-6
1-0: SINGLE (Groundball, 4D, EV 111.2 MPH)
Batting: RHB Sergio Valbuena 0-0: Called Strike
0-1: Foul Ball, location: 2F
0-2: Ball
1-2: Ball
2-2: SINGLE (Line Drive, 9S, EV 90.0 MPH)
Gabe Mendez to second
Runner from 2nd tries for 3rd, OUT! 9-5
Batting: RHB Rocky Hart 0-0: Ball
1-0: Fly out, F8 (Flyball, 8RXD, EV 106.2 MPH)
Top of the 9th over - 0 runs, 3 hits, 0 errors, 1 left on base; West Michigan 9 - Bowling Green 4
BOTTOM OF THE 9TH
Bowling Green Hot Rods batting - Pitching for West Michigan Whitecaps : RHP Nate Mull
Batting: LHB Jake Rheaume 0-0: Foul Ball, location: 2F
0-1: Foul Ball, location: 2F
0-2: Foul Ball, location: 2F
0-2: Foul Ball, location: 2F
0-2: Ground out 4-3 (Groundball, 4, EV 83.1 MPH)
Batting: RHB Adam Kaeser 0-0: Ball
1-0: Called Strike
1-1: Called Strike
1-2: DOUBLE (Flyball, 78XD, EV 109.4 MPH)
Batting: LHB Mario Ocana 0-0: Ground out 5-3 (Groundball, 56, EV 105.0 MPH)
Batting: RHB David Ward 0-0: Ground out 5-3 (Groundball, 56S, EV 94.4 MPH)
Bottom of the 9th over - 0 runs, 1 hit, 0 errors, 1 left on base; West Michigan 9 - Bowling Green 4
Thursday, March 31st , 2022 - OOTP Baseball 22.12 Build 89